 Dungeon Crawl Stone Soup version 0.21-a0-265-gb353147 (webtiles) character file.

879 Amnesiac the Archer (level 7, 0/61 HPs)
             Began as a Centaur Hunter on Sept 11, 2017.
             Was a Follower of Okawaru.
             Shot with an arrow by a centaur (12 damage)
             ... on level 5 of the Dungeon.
             The game lasted 00:06:25 (4944 turns).

Amnesiac the Archer (Centaur Hunter)                Turns: 4944, Time: 00:06:26

Health: 0/61       AC:  4    Str: 16    XL:     7   Next: 75%
Magic:  7/7        EV:  9    Int: 10    God:    Okawaru [*.....]
Gold:   277        SH:  0    Dex: 10    Spells: 6/6 levels left

rFire    + . .     SeeInvis .   a - +1 shortbow
rCold    . . .     Gourm    .   (shield currently unavailable)
rNeg     . . .     Faith    .   k - +0 leather armour (curse)
rPois    .         Spirit   .   (no helmet)
rElec    .         Reflect  .   (no cloak)
rCorr    .         Harm     .   (no gloves)
MR       .....                  (no barding)
Stlth    +.........             s - amulet of regeneration
HPRegen  0.60/turn              c - ring of protection from fire
MPRegen  0.10/turn              (no ring)

@: very quick
A: hooves 3, deformed body, speed 2, tough skin 3
a: Heroism, Renounce Religion


You were on level 5 of the Dungeon.
You worshipped Okawaru.
Okawaru was aware of your devotion.
You were not hungry.

You visited 2 branches of the dungeon, and saw 6 of its levels.

You collected 277 gold pieces.

Inventory:

Hand Weapons
 a - a +1 shortbow (weapon)
 b - a +0 dagger of electrocution
 v - a +0 halberd
 N - a +0 hand axe of electrocution
Missiles
 j - 42 bolts
 m - 35 poisoned needles
 q - 22 arrows (quivered)
Armour
 k - a cursed +0 leather armour (worn)
 F - a +2 ring mail of fire resistance
 G - a +2 robe of fire resistance
Jewellery
 c - a ring of protection from fire (left hand)
 s - an amulet of regeneration (around neck)
Wands
 y - a wand of digging (12/24)
 z - a wand of digging (13/24)
 B - a wand of polymorph (15/24)
 C - a wand of acid (9/15)
 K - a wand of flame (16/48)
 M - a wand of enslavement (15/24)
Scrolls
 e - 2 scrolls of magic mapping {!r, unknown}
 g - 4 scrolls of blinking {!r, unknown}
 h - 9 scrolls of identify {!r, unknown}
 l - 5 scrolls of remove curse {!r, unknown}
 p - a scroll of random uselessness {!r, unknown}
 t - a scroll of amnesia {!r, unknown}
 w - a scroll of immolation {!r, unknown}
 x - 2 scrolls of teleportation {!r, unknown}
 D - a scroll of enchant weapon {!r, unknown}
 I - a scroll of recharging {!r, unknown}
 L - a scroll of fear {!r, unknown}
Potions
 i - 2 potions of flight {!q, unknown}
 n - a potion of might {!q, unknown}
 o - 2 potions of curing {!q, unknown}
 u - a potion of lignification {!q, unknown}
 A - a potion of invisibility {!q, unknown}
 E - a potion of mutation {!q, unknown}
Comestibles
 d - 3 meat rations
 f - 4 bread rations
 r - 2 fruits
 H - 6 chunks of flesh
 J - a royal jelly


   Skills:
 + Level 5.1 Fighting
 * Level 10.9 Bows
 - Level 1.3 Dodging
 - Level 0.4 Stealth


You had 6 spell levels left.
You didn't know any spells.

Dungeon Overview and Level Annotations

Branches:
Dungeon (5/15)             Temple (1/1) D:4

Altars:
Ashenzari
Cheibriados
Dithmenos
Elyvilon
Fedhas
Gozag
Hepliaklqana
Kikubaaqudgha
Makhleb
Nemelex Xobeh
Okawaru
Qazlal
Ru
Sif Muna
Trog
Uskayaw
Vehumet
Wu Jian
Xom
Yredelemnul
Zin
The Shining One

Shops:
D:4 :


Innate Abilities, Weirdness & Mutations

You have hooves in place of feet.
Armour fits poorly on your strangely shaped body.
You cover ground very quickly.
You have extremely tough skin. (AC +3)


Message History

You shoot an arrow.
Firing (i - inventory):
q - 31 arrows (quivered)
Press: ? - help, Shift-Dir - straight line, f - centaur
Aim: a centaur, wielding a shortbow You shoot an arrow.
The centaur shoots an arrow.
The arrow hits you!
Unknown command.
Firing (i - inventory):
q - 30 arrows (quivered)
Press: ? - help, Shift-Dir - straight line, f/p - centaur
Aim: a centaur, wielding a shortbow You shoot an arrow.
The arrow barely misses the centaur.
The centaur shoots an arrow.
Firing (i - inventory):
q - 29 arrows (quivered)
Press: ? - help, Shift-Dir - straight line, f/p - centaur
Aim: a centaur, wielding a shortbow You shoot an arrow.
The arrow hits the centaur.
The centaur is lightly wounded.
The centaur shoots an arrow.
The arrow completely misses you.
A sky beast appears from thin air!
Reactivating autopickup.
Firing (i - inventory):
q - 28 arrows (quivered)
Press: ? - help, Shift-Dir - straight line, f/p - centaur
Aim: a centaur, wielding a shortbow (lightly wounded)
You shoot an arrow. The arrow hits the sky beast!
You kill the sky beast!
Okawaru accepts your kill.
You can now gain great but temporary skills.
The centaur shoots an arrow.
The arrow misses you.
Firing (i - inventory):
q - 27 arrows (quivered)
Press: ? - help, Shift-Dir - straight line, f/p - centaur
Aim: a centaur, wielding a shortbow (lightly wounded)
You shoot an arrow. The arrow hits the centaur.
The centaur is moderately wounded.
The centaur shoots an arrow.
The arrow hits you.
Firing (i - inventory):
q - 26 arrows (quivered)
Press: ? - help, Shift-Dir - straight line, f/p - centaur
Aim: a centaur, wielding a shortbow (moderately wounded)
You shoot an arrow. The arrow hits the centaur!
The centaur is severely wounded.
The centaur shoots an arrow.
The arrow hits you!
Firing (i - inventory):
q - 25 arrows (quivered)
Press: ? - help, Shift-Dir - straight line, f/p - centaur
Aim: a centaur, wielding a shortbow (severely wounded)
You shoot an arrow. The arrow hits the centaur.
The centaur is severely wounded.
The centaur shoots an arrow.
The arrow hits you!
The centaur shoots an arrow.
The arrow hits you.
Firing (i - inventory):
q - 24 arrows (quivered)
Press: ? - help, Shift-Dir - straight line, f/p - centaur
Aim: a centaur, wielding a shortbow (severely wounded)
You shoot an arrow.
The arrow hits the centaur but does no damage.
The centaur is severely wounded.
Firing (i - inventory):
q - 23 arrows (quivered)
Press: ? - help, Shift-Dir - straight line, f/p - centaur
Aim: a centaur, wielding a shortbow (severely wounded)
You shoot an arrow. The arrow barely misses the centaur.
The centaur shoots an arrow.
The arrow hits you!
* * * LOW HITPOINT WARNING * * *
The centaur shoots an arrow.
The arrow hits you!
* * * LOW HITPOINT WARNING * * *
You see here an arrow.
There is a stone staircase leading up here.
The centaur shoots an arrow.
The arrow hits you!
You die...

#....##'####......#.###....#
#..........#......#...#..Y.#
#..........#......'...#....#
#....##....#......#...#....#
#######....#......#...#....#
....).#....#......#...#....#
......#....#......#####....#
......#....#..........###o##
......#....#....@((.(((c((.#
......#....###'###....#....#
......#..........#....#...##
......#.....)....#....#...##
......'....##....#....#....#
......#....##....#....#....#
......#....##....#....#....#
......#....##....#....#...##
.....<#....#.....#....#...##


You could see a centaur.

Vanquished Creatures
  A sky beast (D:5)
  An ogre (D:5)
  3 scorpions
  An orc priest (D:5)
  A jelly (D:5)
  2 hounds (D:5)
  6 orc wizards
  4 worker ants
  A hound skeleton (D:5)
  4 gnolls
  4 adders
  3 oozes
  2 worms
  3 dart slugs
  5 leopard geckos
  16 orcs
  A bat skeleton (D:2)
  5 giant cockroaches
  4 goblins
  6 hobgoblins
  5 jackals
  3 quokkas (D:4)
  A ball python (D:3)
  13 bats
  5 frilled lizards
  7 kobolds
  2 leopard gecko skeletons (D:5)
  5 rats
114 creatures vanquished.

Notes
Turn   | Place    | Note
-------+----------+-------------------------------------------
     0 | D:1      | Amnesiac the Centaur Hunter began the quest for the Orb.
     0 | D:1      | Reached XP level 1. HP: 17/17 MP: 1/1
   162 | D:1      | Reached XP level 2. HP: 23/24 MP: 2/2
   185 | D:1      | Reached skill level 6 in Bows
   485 | D:1      | Reached XP level 3. HP: 30/30 MP: 3/3
  1676 | D:3      | HP: 1/30 [gnoll/halberd (13)]
  1681 | D:3      | Reached skill level 7 in Bows
  1681 | D:3      | Reached XP level 4. HP: 3/37 MP: 4/4
  2240 | D:3      | Found a stormy altar of Qazlal.
  2242 | D:3      | Found a blossoming altar of Fedhas.
  2245 | D:3      | Found a sacrificial altar of Ru.
  2246 | D:3      | Found a glowing silver altar of Zin.
  2665 | D:3      | You fall through a shaft for 2 floors!
  2665 | D:5      | Entered Level 5 of the Dungeon
  2673 | D:5      | Noticed an ogre
  2701 | D:5      | Reached XP level 5. HP: 43/45 MP: 5/5
  2726 | D:5      | Killed an ogre
  2726 | D:5      | Reached skill level 8 in Bows
  2757 | D:5      | Reached XP level 6. HP: 39/52 MP: 6/6
  2795 | D:5      | Reached skill level 9 in Bows
  3361 | D:4      | Reached XP level 7. HP: 33/60 MP: 7/7
  3430 | D:4      | Reached skill level 10 in Bows
  3464 | D:4      | Found a staircase to the Ecumenical Temple.
  3502 | Temple   | Entered the Ecumenical Temple
  3697 | Temple   | Became a worshipper of Warmaster Okawaru
  4216 | D:4      | Found Abruysiu's Book Shoppe.
  4722 | D:5      | Reached skill level 5 in Fighting
  4936 | D:5      | Reached * piety under Okawaru
  4944 | D:5      | Shot with an arrow by a centaur

Vault maps used:
D:1:      dpeg_arrival_shelter, interstate_on_off
D:2:      minmay_pentomino_p2
D:3:      minitemple, first_bread, grunt_ministairs_2
D:4:      minmay_temple_entry_glassed_door, serial_shops, nicolae_shop_trees
Temple:   dpeg_five_rooms_temple

Skill      XL: |  1  2  3  4  5  6  7 |
---------------+----------------------+-----
Bows           | 6 7 8 9 10 | 10.9
Fighting       | 3 4 5 |  5.1
Dodging        | |  1.3
Stealth        | |  0.4

Action                   |  1- 3 |  4- 6 |  7- 9 || total
-------------------------+-------+-------+-------++-------
Melee: Short sword       |    76 |       |       ||    76
       Kick              |    15 |    26 |    22 ||    63
       Dagger            |       |   115 |    97 ||   212
 Fire: Shortbow          |    97 |    39 |    13 ||   149
  Eat: Chunk             |       |     5 |     4 ||     9
Armor: Leather armour    |    54 |    36 |    18 ||   108
Dodge: Dodged            |    65 |    61 |    29 ||   155

Table legend:
 A = Spawn XP
 B = Non-spawn XP
 C = Spawn XP percentage of total XP
 D = Spawn monster count
 E = Non-spawn monster count
 F = Spawn count percentage of total count
 G = Total turns spent on level
                    A         B        C        D         E        F      G
               +---------+---------+-------+---------+---------+-------+---------
         Total |       0 |    1256 |   0.0 |       0 |     114 |   0.0 |  4944
               +---------+---------+-------+---------+---------+-------+---------
           D:1 |       0 |      62 |   0.0 |       0 |      31 |   0.0 |   866
           D:2 |       0 |      57 |   0.0 |       0 |      15 |   0.0 |   944
           D:3 |       0 |      74 |   0.0 |       0 |      14 |   0.0 |  1021
           D:4 |       0 |     463 |   0.0 |       0 |      30 |   0.0 |   981
           D:5 |       0 |     600 |   0.0 |       0 |      24 |   0.0 |   884
               +---------+---------+-------+---------+---------+-------+---------
